 Dungeon Crawl Stone Soup version 0.27-a0-1191-g601b473118 (webtiles) character file.

Game seed: 10086239584701357447

21 senseless the Skirmisher (level 2, -3/24 HPs)
             Began as a Demonspawn Monk on May 24, 2021.
             Killed from afar by Sigmund (5 damage)
             ... with a puff of flame
             ... on level 2 of the Dungeon.
             The game lasted 00:01:30 (966 turns).

senseless the Skirmisher (Demonspawn Monk)           Turns: 966, Time: 00:01:30

Health: -3/24      AC:  2    Str: 11    XL:     2   Next: 65%
Magic:  2/2        EV: 17    Int: 11    God:
Gold:   87         SH:  0    Dex: 15    Spells: 1/1 levels left

rFire    . . .     SeeInvis .     - Unarmed
rCold    . . .     Faith    .   (no shield)
rNeg     . . .     Spirit   .   a - +0 robe
rPois    .         Reflect  .   (helmet restricted)
rElec    .         Harm     .   (no cloak)
rCorr    .         Rampage  .   (no gloves)
Will     .....                  (no boots)
Stlth    ++........             (no amulet)
HPRegen  0.08/turn              e - +4 ring of evasion
MPRegen  0.08/turn              (no ring)

@: no status effects
A: horns 1
a: no special abilities


You were on level 2 of the Dungeon.
You visited 1 branch of the dungeon, and saw 2 of its levels.

You collected 87 gold pieces.

Inventory:

Armour
 a - a +0 robe (worn)
Jewellery
 e - a +4 ring of evasion (left hand)
Scrolls
 b - 2 scrolls of identify {unknown}
Potions
 c - a potion of haste {unknown}
 d - a potion of berserk rage {unknown}


   Skills:
 * Level 3.5 Fighting
 + Level 2.9 Dodging
 - Level 1.7 Stealth
 + Level 2.9 Unarmed Combat


You had one spell level left.
You didn't know any spells.
Your spell library was empty.

Dungeon Overview and Level Annotations

Branches:
Dungeon (2/15)

Altars:

Annotations:
D:2 Sigmund


Innate Abilities, Weirdness & Mutations

You have a pair of small horns on your head.


Message History

You closely miss Sigmund.
Sigmund is lightly wounded.
Sigmund closely misses you.
You closely miss Sigmund.
Sigmund is lightly wounded.
Sigmund hits you with a +1 scythe of distortion!
Ouch! That really hurt!
Space bends around you.
* * * LOW HITPOINT WARNING * * *
You are too injured to fight recklessly!
You are too injured to fight recklessly!
You barely miss Sigmund.
Sigmund is lightly wounded.
Sigmund completely misses you.
You barely miss Sigmund. You headbutt Sigmund.
Sigmund is moderately wounded.
Sigmund misses you.
You hit Sigmund.
Sigmund is moderately wounded.
Sigmund casts a spell at you. The puff of flame hits you.
* * * LOW HITPOINT WARNING * * *
You hit Sigmund.
Sigmund is heavily wounded.
Sigmund closely misses you.
You hit Sigmund. Your headbutt misses Sigmund.
Sigmund is heavily wounded.
Sigmund casts a spell at you. You resist with significant effort.
You closely miss Sigmund.
Sigmund is heavily wounded.
Sigmund misses you.
You hit Sigmund.
Sigmund is severely wounded.
Sigmund misses you.
You hit Sigmund. Your headbutt misses Sigmund.
Sigmund is almost dead.
Sigmund casts a spell at you. The puff of flame hits you.
You die...

################
.....(..........
###....# #..<^..#
##########.#....#
#..........######
#....@######
#...@.# .)......#
.........
#########


You could see Sigmund.

Vanquished Creatures
  An adder (D:2)
  A worm (D:2)
  An endoplasm (D:1)
  A giant cockroach (D:1)
  2 goblins (D:1)
  2 bats (D:1)
  A frilled lizard (D:1)
9 creatures vanquished.

Notes
Turn   | Place    | Note
-------+----------+-------------------------------------------
     0 | D:1      | senseless the Demonspawn Monk began the quest for the Orb.
     0 | D:1      | Reached XP level 1. HP: 18/18 MP: 1/1
   904 | D:1      | Gained mutation: You have a pair of small horns on your
                  | head. [demonic ancestry]
   904 | D:1      | Reached XP level 2. HP: 24/24 MP: 2/2
   946 | D:2      | Noticed Sigmund
   961 | D:2      | HP: 1/24 [Sigmund/puff of flame (6)]
   966 | D:2      | Killed from afar by Sigmund

Illustrated notes

Levels and vault maps discovered:
D:1:      saegor_arrival_miasma, layout_basic, roderic_serpentine_path
D:2:      layout_basic, kennysheep_small_spiral, uniq_sigmund

Action                   || total
-------------------------++-------
Melee: Unarmed           ||    50
       Headbutt          ||     3
 Stab: Sleeping          ||     4
Armor: Robe              ||     5
Dodge: Dodged            ||    31

Table legend: (Time is in decaauts)
 A = Elapsed time spent in this place.
 B = Non-inter-level travel time spent in this place.
 C = Inter-level travel time spent in this place.
 D = Time resting spent in this place.
 E = Time spent auto-exploring this place.
 F = Levels seen in this place.
 G = Mean time per level.
                   A        B        C        D        E       F      G
               +--------+--------+--------+--------+--------+-----+--------+
         Total |    963 |    962 |      1 |      0 |    861 |   2 |  481.5 |
       Dungeon |    963 |    962 |      1 |      0 |    861 |   2 |  481.5 |
               +--------+--------+--------+--------+--------+-----+--------+

Top non-repeatable levels by time:
     D:1: 918 daAuts
     D:2: 44 daAuts
